Map: Oxide LE

Players

MarineLorD

  • Race: Terran Terran
  • League: Master

Reynor - Winner!

  • Race: Zerg Zerg

Event: DreamHack SC2 Masters 2021 Summer

VOD

Have the link to the VOD?

Description

Time

  • Played on: May 27, 2021, 1:24 p.m.
  • Length: 17:00

All games in this series

Show
View Real Time Build Order
Export as new Build Order

MarineLorD Terran 

Build Orders: Reaper Expand, Hellion Banshee 

Get SALT Encoding   

  12  0:00  SCV  
  13  0:12  SCV  
  14  0:16  Supply Depot  
  14  0:24  SCV  
  15  0:38  SCV  
  15  0:39  Barracks  
  16  0:43  Refinery  
  16  0:50  SCV  
  17  1:02  SCV  
  18  1:14  SCV  
  19  1:27  Reaper, Orbital Command  
  20  1:39  Command Center  
  20  1:50  Supply Depot  
  20  1:52  SCV  
  21  1:58  Marine  
  22  2:05  SCV  
  23  2:12  Factory  
  23  2:17  SCV  
  24  2:23  Barracks Reactor  
  24  2:29  SCV  
  25  2:41  SCV  
  26  2:45  Command Center  
  26  2:51  Orbital Command  
  26  2:53  SCV  
  27  3:02  Refinery  
  27  3:06  Starport  
  27  3:07  SCV  
  28  3:15  Hellion  
  28  3:16  Hellion  
  28  3:19  SCV  
  33  3:22  SCV  
  33  3:28  Barracks Tech Lab  
  33  3:31  SCV  
  33  3:34  SCV  
  35  3:39  Hellion x2  
  39  3:43  SCV  
  39  3:46  SCV  
  41  3:52  Banshee  
  45  3:55  SCV  
  45  3:58  SCV, Cloaking Field  
  45  3:59  Orbital Command  
  45  4:00  Barracks Tech Lab  
  46  4:07  SCV, Supply Depot  
  47  4:10  SCV  
  47  4:13  Hellion x2  
  52  4:19  SCV  
  52  4:20  Marine  
  52  4:21  Stimpack  
  52  4:22  SCV  
  55  4:25  SCV  
  55  4:30  Supply Depot  
  56  4:32  SCV  
  56  4:34  SCV  
  56  4:35  Hellion x2  
  56  4:37  Banshee  
  65  4:38  SCV  
  65  4:42  Marine  
  67  4:46  SCV x2  
  67  4:52  SCV  
  70  4:53  Supply Depot  
  70  4:57  Supply Depot  
  70  4:58  SCV  
  71  5:00  SCV  
  71  5:04  SCV, Marine  
  71  5:05  Barracks x2  
  71  5:06  Factory Reactor  
  74  5:10  SCV  
  74  5:13  SCV  
  76  5:16  SCV  
  76  5:20  Supply Depot  
  77  5:22  SCV, Marine  
  77  5:25  SCV  
  77  5:28  SCV  
  81  5:34  SCV  
  82  5:37  SCV  
  82  5:38  Engineering Bay  
  82  5:39  Refinery, Engineering Bay  
  82  5:40  Refinery  
  82  5:41  Orbital Command, Marine  
  85  5:43  Starport Reactor  
  85  5:46  SCV  
  85  5:48  Barracks  
  85  5:49  SCV, Barracks  
  82  5:59  SCV, Marine x3  
  82  6:00  Siege Tank  
  82  6:01  SCV  
  88  6:07  Marine  
  88  6:09  Marine  
  88  6:10  SCV  
  88  6:11  SCV  
  89  6:13  SCV  
  90  6:19  Terran Infantry Armor Level 1, Terran Infantry Weapons Level 1  
  90  6:22  SCV, Marine x2  
  90  6:23  SCV, Marine  
  90  6:25  Marine  
  95  6:28  Marine, Supply Depot  
  95  6:29  Supply Depot  
  95  6:30  Combat Shield  
  95  6:32  Medivac x2  
  101  6:41  Refinery x2  
  101  6:46  Supply Depot  
  101  6:47  Supply Depot  
  101  6:49  Marine x5  
  101  6:52  Supply Depot  
  106  6:56  Siege Tank  
  106  6:57  Barracks Reactor x2  
  109  7:04  Command Center  
  109  7:07  Marine x5  
  109  7:08  SCV x2  
  116  7:16  Medivac x2  
  120  7:25  Marine x5  
  120  7:27  Factory  
  120  7:29  Armory  
  125  7:32  Marine  
  125  7:33  Marine  
  125  7:34  Marine x2  
  129  7:38  Siege Tank  
  129  7:43  Marine x5  
  119  7:50  Marine  
  120  7:51  Marine x2  
  120  7:52  Marine, Medivac x2  
  120  7:56  Supply Depot  
  120  7:57  Supply Depot  
  127  8:01  Marine x5  
  127  8:03  SCV  
  133  8:08  Marine  
  133  8:09  Marine x2  
  133  8:10  Marine  
  137  8:18  Marine x5  
  142  8:26  Factory Reactor, Marine  
  128  8:27  Drilling Claws, Marine x3  
  128  8:31  Terran Infantry Weapons Level 2  
  128  8:32  Terran Infantry Armor Level 2, Terran Vehicle And Ship Armor Level 1  
  128  8:33  SCV x2  
  128  8:34  SCV  
  134  8:36  Marine x5  
  134  8:37  Siege Tank  
  142  8:44  Marine  
  142  8:45  Marine x3  
  146  8:48  SCV  
  146  8:52  Liberator x2  
  146  8:54  Marine x5  
  155  8:57  Planetary Fortress  
  155  8:58  Barracks  
  155  8:59  SCV x2, Barracks  
  155  9:01  SCV, Marine  
  155  9:02  Barracks, Marine  
  159  9:03  Marine  
  162  9:12  Marine x4  
  162  9:13  Bunker  
  162  9:15  Widow Mine x2  
  170  9:17  Siege Tank  
  170  9:20  Supply Depot x2  
  170  9:21  Supply Depot  
  170  9:23  Supply Depot  
  172  9:25  Refinery  
  172  9:28  Refinery  
  172  9:30  Sensor Tower  
  172  9:38  Marauder  
  171  9:45  Marine x2  
  163  9:48  Barracks Tech Lab x2, Marine x5  
  163  9:51  Widow Mine x2, Siege Tank  
  172  9:53  Barracks Tech Lab  
  172  9:58  SCV x4  
  172  9:59  Marauder  
  178  10:04  Command Center  
  178  10:10  SCV x3  
  178  10:11  SCV  
  171  10:16  Marauder  
  171  10:17  Marauder  
  172  10:22  SCV x2  
  172  10:23  SCV x2  
  172  10:24  Widow Mine x2  
  177  10:30  Ghost Academy  
  177  10:34  SCV x2  
  181  10:36  Widow Mine  
  181  10:43  Marauder x4  
  181  10:45  Widow Mine  
  189  10:58  Terran Infantry Weapons Level 3, Terran Infantry Armor Level 3  
  189  11:04  Marauder x2  
  189  11:05  Marauder x2  
  189  11:07  Sensor Tower, Marine x2  
  197  11:14  Terran Vehicle Weapons Level 1  
  198  11:40  Widow Mine  
  188  11:58  Command Center  
  165  12:01  Command Center  
  165  12:03  SCV  
  165  12:04  SCV x2  
  143  12:20  Siege Tank  
  146  12:27  Ghost x4  
  154  12:31  Planetary Fortress  
  154  12:35  Widow Mine  
  154  12:36  Command Center  
  156  12:44  Widow Mine  
  150  12:52  Widow Mine, Factory  
  150  12:55  Factory, Ghost  
  150  12:56  Refinery  
  150  12:57  Refinery  
  154  13:01  Missile Turret  
  154  13:02  Medivac x2  
  154  13:05  Starport, Personal Cloaking  
  158  13:06  Ghost x2  
  162  13:17  Sensor Tower  
  162  13:20  Ghost  
  162  13:21  Marine  
  162  13:24  Ghost  
  162  13:26  Marine x4  
  170  13:32  Marine x3  
  168  13:35  Ghost  
  168  13:36  Marauder  
  168  13:39  Marine  
  160  13:44  Marine x4  
  160  13:45  Orbital Command, SCV x3  
  158  13:49  Marine x2  
  158  13:50  Marauder, Marine  
  158  13:53  Marauder  
  162  13:57  Marauder, Marine  
  162  14:02  Marine x4  
  169  14:04  Factory Tech Lab, Terran Vehicle Weapons Level 2, Marauder  
  169  14:07  Marine x2  
  173  14:11  Marauder  
  173  14:14  Ghost  
  177  14:18  Missile Turret  
  177  14:24  Planetary Fortress  
  177  14:25  Orbital Command  
  177  14:27  SCV x2  
  177  14:29  SCV  
  180  14:41  SCV x2  
  180  14:43  SCV x2  
  152  14:53  SCV x2, Marine  
  152  14:54  Marauder  
  152  14:55  SCV  
  152  14:58  Marauder  
  136  15:02  Marauder, Marine x2  
  136  15:04  Marauder, Marine  
  143  15:08  Marine  
  143  15:09  Marine  
  144  15:15  SCV x3, Marauder  
  144  15:17  Missile Turret, Medivac  
  144  15:19  Marauder  
  144  15:20  SCV x2  
  155  15:22  Medivac  
  155  15:25  Widow Mine  
  155  15:28  SCV x2  
  159  15:46  Liberator  
  159  15:47  Marauder, Marine  
  162  16:00  Siege Tank x2  
  168  16:05  Ghost x2  
  148  16:14  Marauder, Marine x3  
  148  16:18  Marauder, Marine x3  
  141  16:23  Marine x2  
  122  16:26  Orbital Command  
  122  16:27  Widow Mine  
  130  16:34  Marauder  
  132  16:47  Refinery  
  132  16:48  Refinery  
  132  16:50  Sensor Tower  
  132  16:51  Refinery  
Show
View Real Time Build Order
Export as new Build Order

Reynor Zerg - Winner!

Build Orders: Hatch First, Lurkers 

Get SALT Encoding   

  12  0:00  Drone  
  13  0:12  Overlord  
  13  0:17  Drone  
  14  0:30  Drone x2  
  16  0:49  Hatchery  
  15  0:52  Drone  
  15  0:56  Drone  
  17  0:59  Drone  
  18  1:14  Spawning Pool  
  18  1:18  Drone  
  18  1:21  Extractor  
  18  1:23  Drone  
  18  1:28  Drone  
  19  1:38  Drone  
  20  1:48  Overlord  
  20  2:00  Queen  
  20  2:01  Queen  
  22  2:02  Zergling x4  
  26  2:10  Drone  
  26  2:11  Drone  
  28  2:20  Extractor  
  28  2:21  Drone  
  28  2:22  Drone  
  29  2:25  Metabolic Boost  
  30  2:32  Extractor  
  30  2:36  Queen  
  29  2:37  Drone  
  29  2:42  Overlord  
  29  2:43  Drone  
  32  2:46  Drone  
  33  2:54  Drone  
  33  2:55  Drone  
  35  3:03  Pneumatized Carapace  
  35  3:05  Drone x2  
  37  3:14  Drone x3  
  40  3:26  Overlord  
  39  3:28  Queen  
  39  3:32  Zergling x4  
  43  3:39  Overlord  
  43  3:40  Hatchery, Drone  
  43  3:46  Drone x2  
  43  3:47  Drone  
  43  3:48  Queen  
  48  3:51  Drone  
  49  3:58  Overlord  
  49  3:59  Drone x2  
  49  4:00  Drone x2  
  53  4:08  Drone  
  54  4:12  Zergling x6  
  54  4:15  Overlord  
  57  4:18  Queen  
  57  4:20  Drone  
  57  4:24  Drone, Extractor  
  61  4:29  Lair  
  60  4:33  Drone x2  
  62  4:42  Spore Crawler  
  62  4:44  Drone x2  
  63  4:46  Spore Crawler  
  63  4:49  Spore Crawler  
  63  4:51  Zergling x4  
  63  4:52  Queen, Zergling x6  
  68  4:54  Drone x3  
  68  4:58  Overlord  
  71  5:02  Drone  
  71  5:03  Baneling Nest  
  71  5:05  Drone  
  71  5:08  Spore Crawler  
  71  5:10  Drone  
  71  5:13  Drone  
  73  5:15  Drone  
  73  5:18  Drone  
  73  5:21  Drone x3  
  78  5:23  Overlord  
  78  5:29  Drone x4  
  78  5:31  Overseer  
  83  5:35  Drone x2  
  83  5:37  Queen  
  83  5:38  Overlord  
  86  5:48  Zergling x2  
  86  5:49  Zergling x4  
  89  5:50  Overlord  
  89  5:51  Drone x3  
  92  5:58  Drone x4  
  92  6:00  Centrifical Hooks  
  92  6:01  Overlord  
  96  6:10  Extractor  
  96  6:11  Extractor  
  88  6:12  Zergling x6  
  88  6:15  Overlord  
  91  6:21  Drone x3  
  91  6:22  Hatchery  
  91  6:23  Drone x4  
  91  6:24  Queen  
  99  6:25  Evolution Chamber  
  99  6:26  Evolution Chamber  
  99  6:29  Overlord  
  99  6:32  Zergling x8  
  101  6:34  Zergling x4  
  103  6:41  Zergling x2  
  103  6:43  Overlord  
  103  6:45  Zergling x2  
  105  6:47  Zergling x6  
  105  6:51  Zerg Ground Armor Level 1, Zerg Melee Weapons Level 1  
  105  6:52  Baneling x11  
  108  6:54  Zergling x8  
  108  6:56  Zergling x2  
  108  6:58  Zergling x2  
  114  7:05  Zergling x6  
  114  7:06  Zergling x2  
  118  7:10  Overlord  
  118  7:12  Zergling x2  
  119  7:17  Zergling x6  
  119  7:19  Zergling x6  
  121  7:25  Baneling  
  121  7:26  Baneling x5  
  121  7:28  Baneling x5  
  120  7:31  Zergling x6  
  120  7:33  Zergling x4  
  120  7:35  Zergling x2  
  120  7:36  Zergling x2  
  127  7:39  Zergling x6  
  127  7:42  Zergling x4  
  127  7:43  Zergling x2  
  125  7:46  Drone x4  
  125  7:47  Queen  
  131  7:53  Zergling x4  
  131  7:56  Baneling x8  
  131  7:57  Zergling x4  
  135  8:02  Drone x3, Spore Crawler  
  135  8:04  Zergling x4  
  139  8:10  Overlord  
  139  8:17  Hatchery  
  132  8:20  Zergling x16  
  132  8:23  Zergling x4  
  141  8:27  Drone x2  
  141  8:29  Infestation Pit  
  141  8:30  Zergling x6  
  141  8:31  Hatchery  
  141  8:32  Zergling x4  
  144  8:37  Baneling x10  
  144  8:42  Zergling x14  
  144  8:48  Zerg Ground Armor Level 2, Zerg Melee Weapons Level 2  
  151  8:51  Zergling x4  
  151  8:52  Overlord x3  
  151  8:53  Overlord  
  151  9:00  Overlord  
  151  9:07  Drone  
  151  9:08  Overlord  
  151  9:09  Hive  
  152  9:10  Drone  
  152  9:11  Extractor, Drone x2  
  152  9:12  Drone x8, Hydralisk Den  
  152  9:14  Drone x3, Extractor  
  152  9:15  Drone  
  152  9:16  Extractor  
  152  9:17  Extractor  
  162  9:23  Drone  
  163  9:24  Zergling x4  
  163  9:25  Zergling x2  
  163  9:28  Zergling x6  
  169  9:35  Zergling x2  
  169  9:36  Hatchery, Zergling x4  
  164  9:38  Zergling x6  
  164  9:39  Zergling x2  
  162  9:46  Zergling x8  
  162  9:47  Zergling x6  
  162  9:49  Drone  
  162  9:51  Lurker Den  
  169  9:52  Zergling x2  
  169  9:53  Zergling x2  
  169  9:59  Drone  
  171  10:01  Drone x9  
  180  10:12  Overlord  
  178  10:21  Hydralisk x3  
  178  10:22  Hydralisk, Zergling x2  
  178  10:23  Zergling x12  
  191  10:29  Overlord  
  190  10:44  Drone x6  
  190  10:45  Queen  
  195  10:52  Seismic Spines, Lurker x4  
  195  10:54  Baneling x8, Zergling x2  
  195  10:56  Overlord  
  199  11:03  Spore Crawler  
  199  11:04  Spore Crawler  
  197  11:05  Spore Crawler  
  197  11:08  Baneling x6  
  197  11:09  Baneling  
  197  11:10  Viper  
  197  11:18  Drone x6  
  198  11:19  Drone x2  
  197  11:36  Zerg Missile Weapons Level 1, Zerg Ground Armor Level 3  
  197  11:39  Drone x2  
  199  11:40  Spore Crawler  
  199  11:43  Adrenal Glands  
  197  11:58  Zergling x30  
  190  12:06  Drone x2  
  190  12:07  Drone x2, Viper x2  
  192  12:10  Adaptive Talons  
  192  12:15  Zergling x18  
  199  12:18  Baneling x10  
  198  12:29  Zergling x10  
  199  12:32  Nydus Network  
  199  12:33  Extractor, Drone x2  
  199  12:34  Extractor  
  196  12:45  Drone x2  
  196  12:49  Hydralisk  
  198  13:02  Baneling x16  
  198  13:10  Nydus Canal  
  198  13:19  Hatchery  
  190  13:38  Zergling x2  
  190  13:39  Zergling x44  
  196  13:46  Hydralisk  
  196  13:47  Zergling x18  
  199  13:50  Zergling x10  
  199  13:51  Zergling x12  
  199  13:54  Hydralisk  
  191  13:58  Baneling x15  
  191  13:59  Zergling x4  
  191  14:01  Nydus Canal  
  189  14:03  Baneling x9, Zergling x6  
  189  14:04  Zergling x2  
  189  14:06  Zergling x2  
  189  14:07  Zergling x4  
  196  14:16  Overseer  
  196  14:22  Zergling x6  
  199  14:25  Hatchery  
  198  14:37  Zerg Missile Weapons Level 2  
  178  14:47  Zergling x56  
  178  14:50  Hydralisk  
  178  14:51  Zergling x2  
  181  14:55  Hydralisk x2, Zergling x4  
  181  14:56  Zergling x6  
  181  14:57  Hydralisk x2  
  181  14:58  Zergling x2  
  180  15:01  Zergling x4  
  180  15:04  Zergling x10  
  184  15:08  Zergling x4  
  184  15:10  Viper  
  186  15:14  Lurker  
  186  15:15  Zergling x8  
  186  15:17  Overseer  
  186  15:19  Baneling x12  
  191  15:21  Lurker x3  
  191  15:26  Baneling  
  191  15:27  Baneling x6  
  194  15:29  Overseer  
  194  15:30  Zergling x12  
  199  15:37  Hatchery, Overlord  
  199  15:39  Overlord  
  199  15:43  Baneling x16  
  199  15:45  Nydus Canal  
  199  16:00  Zergling x6  
  190  16:07  Hydralisk  
  190  16:08  Zergling x40  
  190  16:11  Zergling x20  
  195  16:12  Zergling x2  
  195  16:18  Hydralisk x2  
  185  16:19  Zergling x6  
  185  16:23  Zergling x4  
  185  16:24  Zergling x10  
  187  16:29  Lurker  
  187  16:31  Baneling x13  
  188  16:34  Zergling x22  
  199  16:41  Overseer  
Tags
 
Add a new tag
Caveats
  • Supply blocks, unpowered buildings, or Contaminate may cause inaccurate times.
  • Supply counts are checked every 10 seconds.